 Dungeon Crawl Stone Soup version 0.21-a0-630-g344d3514eb (webtiles) character file.

265 Principatus the Archer (level 6, 0/53 HPs)
             Began as a Gnoll Wanderer on Dec 26, 2017.
             Was a Follower of Elyvilon.
             Slain by Duvessa
             ... wielding a cursed -1 rapier
              (2 damage)
             ... on level 4 of the Dungeon.
             The game lasted 00:15:11 (3746 turns).

Principatus the Archer (Gnoll Wanderer)             Turns: 3746, Time: 00:15:12

Health: 0/53       AC:  8    Str: 15 (16) XL:     6   Next: 20%
Magic:  8/8        EV:  6    Int: 13 (16) God:    Elyvilon [*.....]
Gold:   209        SH:  0    Dex: 11 (13) Spells: 8/8 levels left

rFire    . . .     SeeInvis .   a - +2 short sword (speed)
rCold    . . .     Gourm    .   (no shield)
rNeg     . . .     Faith    .   v - +0 chain mail
rPois    .         Spirit   .   (no helmet)
rElec    .         Reflect  .   (no cloak)
rCorr    .         Harm     .   (no gloves)
MR       .....                  (no boots)
Stlth    ..........             x - amulet of inaccuracy (curse)
HPRegen  0.17/turn              (no ring)
MPRegen  0.11/turn              (no ring)

@: drained
A: distributed training, fangs 1, strong nose
a: Lesser Healing, Divine Protection, Renounce Religion


You were on level 4 of the Dungeon.
You worshipped Elyvilon.
Elyvilon was aware of your devotion.
You were hungry.

You visited 1 branch of the dungeon, and saw 4 of its levels.

You collected 209 gold pieces.

Inventory:

Hand Weapons
 a - a +2 short sword of speed (weapon)
 b - a +0 shortbow
 l - a +2 dagger
Missiles
 d - 16 arrows
 i - 80 stones (quivered)
 u - 12 poisoned needles
Armour
 f - a +0 robe
 k - a +0 ring mail
 o - a +0 buckler
 v - a +0 chain mail (worn)
Jewellery
 x - a cursed amulet of inaccuracy (around neck)
 y - an uncursed amulet of the gourmand {unknown}
Scrolls
 p - a scroll of blinking
 t - 2 scrolls of immolation
Potions
 e - 2 potions of lignification
 h - 3 potions of degeneration
 j - a potion of berserk rage
 m - a potion of mutation
 n - a potion of haste
 s - a potion of brilliance
 w - a potion of curing {unknown}
Comestibles
 g - 8 rations


   Skills:
 + Level 6.8(5.8) Fighting
 + Level 1.8(1.0) Short Blades
 + Level 1.8(1.0) Long Blades
 + Level 1.8(1.0) Axes
 + Level 1.8(1.0) Maces & Flails
 + Level 1.8(1.0) Polearms
 + Level 1.8(1.0) Staves
 + Level 1.8(1.0) Slings
 + Level 8.7(7.7) Bows
 + Level 1.8(1.0) Crossbows
 + Level 1.8(1.0) Throwing
 + Level 3.1(2.3) Armour
 + Level 1.8(1.0) Dodging
 + Level 4.5(3.7) Stealth
 + Level 1.8(1.0) Shields
 + Level 1.8(1.0) Unarmed Combat
 + Level 1.8(1.0) Spellcasting
 + Level 1.4(0.6) Conjurations
 + Level 1.4(0.6) Hexes
 + Level 1.4(0.6) Charms
 + Level 1.4(0.6) Summonings
 + Level 1.4(0.6) Necromancy
 + Level 1.4(0.6) Translocations
 + Level 1.4(0.6) Transmutations
 + Level 1.4(0.6) Fire Magic
 + Level 1.4(0.6) Ice Magic
 + Level 1.4(0.6) Air Magic
 + Level 1.4(0.6) Earth Magic
 + Level 1.4(0.6) Poison Magic
 + Level 2.0(1.2) Invocations
 + Level 1.8(1.0) Evocations


You had 8 spell levels left.
You didn't know any spells.

Dungeon Overview and Level Annotations

Branches:
Dungeon (4/15)
 Temple: D:4-7

Altars:
Elyvilon

Annotations:
D:4 Dowan, Duvessa, Natasha


Innate Abilities, Weirdness & Mutations

Your experience applies equally to all skills.
You have very sharp teeth.
Your uncanny sense of smell can sniff out nearby items.


Message History

Duvessa hits you with a rapier!
* * * LOW HITPOINT WARNING * * *
You hit Duvessa but do no damage.
Duvessa is almost dead.
You closely miss Duvessa.
Duvessa is almost dead.
Duvessa barely misses you.
You hit Duvessa but do no damage. You bite Duvessa.
Duvessa is almost dead.
You closely miss Duvessa.
Duvessa is almost dead.
Duvessa hits you with a rapier. Elyvilon protects you from harm!
You completely miss Duvessa.
Duvessa is almost dead.
Dowan says, "Stay away from my face!"
Dowan barely misses you.
Duvessa says, "Where magic fails, the sword succeeds!"
Duvessa hits you with a rapier.
You die...

# #.##......##..........#
..#.#.......##..........#
#.#.#.#.....#...........#
#..%....................#
##..##.......)..........#
#..#...................#
..)...#.....#...........#
..#.##......#...ee....##.....#
.......######...@.....# #####
###.### #.........# #.#
#.........# ..# #.........#
#.........# #.........#
.......?.... ##.........##


You could see Duvessa and Dowan.

Vanquished Creatures
  A scorpion (D:3)
  A hound (D:3)
  2 worker ants
  4 adders (D:2)
  4 oozes
  2 worms
  4 dart slugs
  3 leopard geckos
  2 orcs (D:4)
  5 ball pythons
  2 giant cockroaches
  4 hobgoblins
  4 jackals (D:3)
  5 kobolds
  A quokka (D:3)
  5 bats (D:2)
  6 frilled lizards
  9 goblins
  8 rats
72 creatures vanquished.

Notes
Turn   | Place    | Note
-------+----------+-------------------------------------------
     0 | D:1      | Principatus the Gnoll Wanderer began the quest for the Orb.
     0 | D:1      | Principatus set off with: a +2 dagger, a scroll of fear, a +0 shortbow, 23 arrows, a potion of lignification, a +0 robe, a ration
     0 | D:1      | Reached XP level 1. HP: 23/23 MP: 1/1
   156 | D:1      | Reached XP level 2. HP: 29/29 MP: 2/2
   543 | D:1      | Reached XP level 3. HP: 33/35 MP: 3/3
  1001 | D:2      | Reached skill level 1 in Invocations
  1056 | D:2      | Reached skill level 1 in Short Blades
  1056 | D:2      | Reached skill level 1 in Long Blades
  1056 | D:2      | Reached skill level 1 in Axes
  1056 | D:2      | Reached skill level 1 in Maces & Flails
  1056 | D:2      | Reached skill level 1 in Polearms
  1056 | D:2      | Reached skill level 1 in Staves
  1056 | D:2      | Reached skill level 1 in Slings
  1056 | D:2      | Reached skill level 1 in Crossbows
  1056 | D:2      | Reached skill level 1 in Throwing
  1056 | D:2      | Reached skill level 1 in Dodging
  1056 | D:2      | Reached skill level 1 in Shields
  1056 | D:2      | Reached skill level 1 in Unarmed Combat
  1056 | D:2      | Reached skill level 1 in Spellcasting
  1056 | D:2      | Reached skill level 1 in Evocations
  1056 | D:2      | Reached XP level 4. HP: 38/41 MP: 5/5
  1560 | D:2      | Reached skill level 1 in Conjurations
  1560 | D:2      | Reached skill level 1 in Hexes
  1560 | D:2      | Reached skill level 1 in Charms
  1560 | D:2      | Reached skill level 1 in Summonings
  1560 | D:2      | Reached skill level 1 in Necromancy
  1560 | D:2      | Reached skill level 1 in Translocations
  1560 | D:2      | Reached skill level 1 in Transmutations
  1560 | D:2      | Reached skill level 1 in Fire Magic
  1560 | D:2      | Reached skill level 1 in Ice Magic
  1560 | D:2      | Reached skill level 1 in Air Magic
  1560 | D:2      | Reached skill level 1 in Earth Magic
  1560 | D:2      | Reached skill level 1 in Poison Magic
  1943 | D:3      | Reached XP level 5. HP: 43/47 MP: 5/7
  1977 | D:3      | Found a faded altar of an unknown god.
  2030 | D:3      | Became a worshipper of Elyvilon the Healer
  2030 | D:3      | Reached * piety under Elyvilon
  2453 | D:4      | Noticed Natasha
  2455 | D:4      | Noticed Dowan
  2457 | D:4      | Noticed Duvessa
  2728 | D:4      | Reached ** piety under Elyvilon
  2981 | D:3      | Reached XP level 6. HP: 7/53 MP: 8/8
  3741 | D:4      | HP: 2/53 [Duvessa/rapier (9)]
  3745 | D:4      | Elyvilon protects you from harm!
  3746 | D:4      | Slain by Duvessa

Vault maps used:
D:1:      dpeg_arrival_prison
D:2:      minmay_diamond_boxcup, serial_bayou_pond_a, minivault_27
D:3:      chequers_ecumenical_altar_simple_redux, lemuel_flame_loot_1
D:4:      serial_shops, kennysheep_mini_moat, uniq_sigmund, uniq_natasha,
          uniq_duvessa

Skill      XL: |  1  2  3  4  5 |
---------------+----------------+-----
Invocations    | 1 2 |  2.0
Short Blades   | 1 |  1.8
Long Blades    | 1 |  1.8
Axes           | 1 |  1.8
Maces & Flails | 1 |  1.8
Polearms       | 1 |  1.8
Staves         | 1 |  1.8
Slings         | 1 |  1.8
Crossbows      | 1 |  1.8
Throwing       | 1 |  1.8
Dodging        | 1 |  1.8
Shields        | 1 |  1.8
Unarmed Combat | 1 |  1.8
Spellcasting   | 1 |  1.8
Evocations     | 1 |  1.8
Conjurations   | 1 |  1.4
Hexes          | 1 |  1.4
Charms         | 1 |  1.4
Summonings     | 1 |  1.4
Necromancy     | 1 |  1.4
Translocations | 1 |  1.4
Transmutations | 1 |  1.4
Fire Magic     | 1 |  1.4
Ice Magic      | 1 |  1.4
Air Magic      | 1 |  1.4
Earth Magic    | 1 |  1.4
Poison Magic   | 1 |  1.4
Armour         | 3 |  3.1
Fighting       | |  6.8
Bows           | |  8.7
Stealth        | |  4.5

Action                   |  1- 3 |  4- 6 || total
-------------------------+-------+-------++-------
Melee: Dagger            |    21 |       ||    21
       Bite              |     9 |    22 ||    31
       Short sword       |    38 |   210 ||   248
 Fire: Shortbow          |    25 |    49 ||    74
Throw: Stone             |     4 |     3 ||     7
Invok: Lesser Healing    |       |     1 ||     1
  Use: Scroll            |       |     7 ||     7
       Potion            |       |     2 ||     2
 Stab: Sleeping          |     5 |       ||     5
  Eat: Chunk             |       |     5 ||     5
       Ration            |       |     1 ||     1
Armor: Ring mail         |    29 |     8 ||    37
       Chain mail        |       |   116 ||   116
Dodge: Dodged            |    32 |    80 ||   112

Table legend:
 A = Spawn XP
 B = Non-spawn XP
 C = Spawn XP percentage of total XP
 D = Spawn monster count
 E = Non-spawn monster count
 F = Spawn count percentage of total count
 G = Total turns spent on level
                    A         B        C        D         E        F      G
               +---------+---------+-------+---------+---------+-------+---------
         Total |       0 |     379 |   0.0 |       0 |      72 |   0.0 |  3746
               +---------+---------+-------+---------+---------+-------+---------
           D:1 |       0 |      40 |   0.0 |       0 |      20 |   0.0 |   941
           D:2 |       0 |     104 |   0.0 |       0 |      26 |   0.0 |  1280
           D:3 |       0 |     186 |   0.0 |       0 |      22 |   0.0 |  1236
           D:4 |       0 |      49 |   0.0 |       0 |       4 |   0.0 |   289
               +---------+---------+-------+---------+---------+-------+---------
